 Dungeon Crawl Stone Soup version 0.32-a0-799-g95e1662365 (webtiles) character file.

Game seed: 14453038002577825374

298 ragingrage the Slasher (level 6, 0/40 HPs)
             Began as a Tengu Chaos Knight on Mar 21, 2024.
             Was a Plaything of Xom.
             Killed by divine providence
             ... invoked by an orc priest
              (14 damage)
             ... on level 4 of the Dungeon.
             The game lasted 00:03:37 (2722 turns).

ragingrage the Slasher (Tengu Chaos Knight)         Turns: 2722, Time: 00:03:38

Health: 0/40       AC:  9    Str: 12    XL:     6   Next: 36%
Magic:  7/7        EV: 10    Int: 13    God:    Xom [..*...]
Gold:   31         SH:  4    Dex: 15    Spells: 5/5 levels left

rFire   . . .        a - +0 falchion (chaos)
rCold   + . .        (no shield)
rNeg    . . .        p - +2 leather armour
rPois   .            (helmet restricted)
rElec   .            k - +1 cloak
rCorr   .            (no gloves)
SInv    .            (boots unavailable)
Will    +....        (no amulet)
Stlth   ++           r - ring of protection from cold
HPRegen 0.26/turn    (no ring)
MPRegen 0.10/turn

%: acrobat
@: attractive, unable to drink
A: beak, talons 3, acrobatic, iridescent scales 1, large bone plates 1,
strong-willed 1, mutation resistance 1, robust 1, inability to drink after
injury 1
a: Renounce Religion


You were on level 4 of the Dungeon.
You worshipped Xom.
You were a toy of Xom.
You visited 1 branch of the dungeon, and saw 4 of its levels.

You collected 128 gold pieces.
You spent 97 gold pieces at shops.

Inventory:

Hand Weapons
 a - a +0 falchion of chaos (weapon)
 b - a +0 arbalest
Armour
 k - a +1 cloak (worn)
 p - a +2 leather armour (worn)
Jewellery
 r - a ring of protection from cold (left hand)
Wands
 m - a wand of polymorph (3)
Scrolls
 c - a scroll of butterflies
 d - a scroll of silence {unknown}
 e - 2 scrolls of teleportation
 f - a scroll of immolation
 g - a scroll of fog {unknown}
 l - a scroll of enchant weapon {unknown}
 o - a scroll of revelation
 v - a scroll of blinking
Potions
 h - 2 potions of berserk rage {unknown}
 j - a potion of cancellation {unknown}
 n - 2 potions of mutation {unknown}
 q - a potion of degeneration {unknown}
 t - a potion of resistance {unknown}
 u - a potion of brilliance {unknown}


   Skills:
 - Level 3.0 Fighting
 - Level 5.8 Long Blades
 + Level 4.0 Ranged Weapons
 - Level 2.1 Armour
 - Level 1.1 Dodging
 - Level 2.0 Stealth


You had 5 spell levels left.
You didn't know any spells.
Your spell library contained the following spells:

 Spells                   Type           Power      Damage    Failure   Level
 Sting                    Conj/Alch      0%         1d3       36%         1
 Mercury Vapours          Alch/Air       0%         N/A       52%         2
 Stone Arrow              Conj/Erth      0%         3d7       75%         3
 Animate Armour           Summ/Erth      0%         N/A       98%         4
 Olgreb's Toxic Radiance  Alch           0%         N/A       98%         4
 Lehudib's Crystal Spear  Conj/Erth      0%         10d2      100%        8


Dungeon Overview and Level Annotations

Branches:
Dungeon (4/15)
 Temple: D:4-7

Altars:
Makhleb
Nemelex Xobeh
Yredelemnul
Zin

Shops:
D:1 ??

Annotations:
D:3 exclusion: downstairs


Innate Abilities, Weirdness & Mutations

You have a beak for a mouth.
You have claws for feet.
You can magically evade attacks while moving or waiting.
You are partially covered in iridescent scales. (AC +2)
You are partially covered in large bone plates. (SH +4)
You are strong-willed. (Will+)
You are somewhat resistant to further mutation.
You are robust. (+10% HP)
You occasionally lose the ability to drink potions when taking damage.


Message History

You climb upwards.
Your summoned allies are left behind.
Level annotation: exclusion: downstairs
There is a stone staircase leading down here.
You start resting.
Xom makes a sudden noise!
You hear someone snoring.
You are now a toy of Xom.
You climb downwards.
There is a stone staircase leading up here.
Unknown command.
The orc priest grunts noisily, in orcish tradition.
You climb upwards.
Level annotation: exclusion: downstairs
There is a stone staircase leading down here.
You start resting.
You climb downwards.
There is a stone staircase leading up here.
Unknown command.
The orc priest hits you but does no damage.
You hit the orc priest but do no damage.
The acid corrodes the orc priest!
The orc priest mumbles some strange prayers to Beogh against you.
Beogh smites you!
You hit the orc priest.
The orc priest seems to speed up.
Xom is mildly amused.
You peck the orc priest. The orc priest closely misses you.
You closely miss the orc priest. Your kick misses the orc priest.
Your peck misses the orc priest. Xom smiles on you.
You feel attractive to monsters.
The orc priest invokes the aid of Beogh against you.
Beogh smites you!
You feel threatened and lose the ability to drink potions!
The orc priest barely misses you.
You are too injured to fight recklessly!
You barely miss the orc priest. You claw the orc priest.
You peck the orc priest. The orc priest closely misses you.
You barely miss the orc priest. Your kick misses the orc priest.
The orc priest invokes the aid of Beogh against you.
Beogh smites you!
You die...

##....#.#
.#...#.#
#...(. .# #.
#####.#
.......####
#........###
##o.....#
#..@<...#
#.......#
#.#.........
#.#.....###>
....##.##
...... .#
#.....# ##
#.....#


You could see an orc priest (fast, corroded).

Vanquished Creatures
  An orc priest (D:4)
  A hound (D:4)
  2 orc wizards
  6 adders
  4 gnolls (D:3)
  2 dart slugs
  A ribbon worm (D:3)
  9 orcs
  10 ball pythons
  2 bats
  7 endoplasms
  4 giant cockroaches
  2 goblins
  11 hobgoblins
  5 jackals
  7 kobolds
  3 quokkas
  3 frilled lizards
  3 rats
83 creatures vanquished.

Vanquished Creatures (collateral kills)
  A ball python (D:1)
  A frilled lizard (D:1)
2 creatures vanquished.

Grand Total: 85 creatures vanquished

Notes
Turn   | Place    | Note
-------+----------+-------------------------------------------
     0 | D:1      | ragingrage the Tengu Chaos Knight began the quest for the
                  | Orb.
     0 | D:1      | Reached XP level 1. HP: 14/14 MP: 2/2
    82 | D:1      | Reached skill level 1 in Stealth
    87 | D:1      | Reached XP level 2. HP: 18/19 MP: 3/3
   145 | D:1      | Found Kosiuduu's Magic Scroll Shoppe.
   206 | D:1      | XOM: silly message
   299 | D:1      | Reached XP level 3. HP: 23/23 MP: 4/4
   396 | D:1      | Reached skill level 4 in Long Blades
   434 | D:1      | Found The Oracle's Delphic Readings.
   597 | D:2      | Reached XP level 4. HP: 28/28 MP: 5/5
   764 | D:2      | Found a faded altar of an unknown god.
   793 | D:2      | Found a sparkling altar of Nemelex Xobeh.
  1049 | D:3      | XOM: noise
  1112 | D:3      | Reached skill level 5 in Long Blades
  1198 | D:3      | XOM: noise
  1243 | D:3      | XOM: enchant monster (bad)
  1260 | D:3      | XOM: butterfly on damage
  1277 | D:3      | XOM: blink monster(s)
  1281 | D:3      | XOM: cast spell 'Summon Small Mammal'
  1452 | D:3      | XOM: cloud trail
  1517 | D:3      | Reached XP level 5. HP: 32/32 MP: 6/6
  1576 | D:3      | XOM: divination: detect items
  1616 | D:3      | XOM: give mutations
  1616 | D:3      | Gained mutation: You are robust. (+10% HP) [Xom's mischief]
  1616 | D:3      | Gained mutation: You are very robust. (+20% HP) [Xom's
                  | mischief]
  1616 | D:3      | Gained mutation: You occasionally lose the ability to drink
                  | potions when taking damage. [Xom's mischief]
  1616 | D:3      | Lost mutation: You are very robust. (+20% HP) [Xom's
                  | mischief]
  1925 | D:3      | Reached skill level 1 in Ranged Weapons
  2058 | D:1      | Bought a scroll of blinking for 97 gold pieces
  2158 | D:3      | Found a glowing silver altar of Zin.
  2162 | D:3      | Found a basalt altar of Yredelemnul.
  2357 | D:4      | Reached XP level 6. HP: 32/38 MP: 7/7
  2399 | D:4      | XOM: torment (21/39 hp)
  2484 | D:4      | Found a burning altar of Makhleb.
  2499 | D:4      | XOM: give mutations
  2499 | D:4      | Gained mutation: You are strong-willed. (Will+) [Xom's
                  | grace]
  2499 | D:4      | Gained mutation: You are partially covered in iridescent
                  | scales. (AC +2) [Xom's grace]
  2499 | D:4      | Gained mutation: You are partially covered in large bone
                  | plates. (SH +4) [Xom's grace]
  2499 | D:4      | Gained mutation: You are somewhat resistant to further
                  | mutation. [Xom's grace]
  2589 | D:4      | XOM: 2-stop teleportation journey
  2662 | D:4      | XOM: butterfly on damage
  2687 | D:3      | XOM: noise
  2720 | D:4      | XOM: potion effect (attraction)
  2722 | D:4      | Killed from afar by an orc priest

Illustrated notes

Levels and vault maps discovered:
D:1:      scummos_arrival_simple_fountains, layout_rooms, serial_shops, shop,
          nicolae_nh_oracle_at_delphi
D:2:      layout_rooms, basic_altar, hellmonk_ecumenical_altar_crossroads
D:3:      layout_basic, minitemple, minmay_diced_spiral
D:4:      layout_loops_cross, trog_wizard, bloody_makhleb,
          nicolae_ru_sacrificial_ziggurat, roderic_batcave, uniq_robin

Skill      XL: |  1  2  3  4  5  6 |
---------------+-------------------+-----
Stealth        | 1 2 |  2.0
Long Blades    | 4 5 |  5.8
Ranged Weapons | 3 4 |  4.0
Fighting       | |  3.0
Armour         | |  2.1
Dodging        | |  1.1

Action                     |  1- 3 |  4- 6 || total
---------------------------+-------+-------++-------
  Melee: Falchion          |    70 |    97 ||   167
         Kick              |    14 |    24 ||    38
         Peck              |     5 |    16 ||    21
   Fire: Arbalest          |       |    27 ||    27
    Use: Scroll            |       |     5 ||     5
   Stab: Sleeping          |     2 |     1 ||     3
         Confused          |       |     2 ||     2
 Armour: Leather armour    |    38 |    78 ||   116
  Dodge: Dodged            |    61 |    70 ||   131
  Block: Other             |       |     1 ||     1

Table legend: (Time is in decaauts)
 A = Elapsed time spent in this place.
 B = Non-inter-level travel time spent in this place.
 C = Inter-level travel time spent in this place.
 D = Time resting spent in this place.
 E = Time spent auto-exploring this place.
 F = Levels seen in this place.
 G = Mean time per level.
                   A        B        C        D        E       F      G
               +--------+--------+--------+--------+--------+-----+--------+
         Total |   2756 |   2563 |    193 |    371 |   1533 |   4 |  689.0 |
       Dungeon |   2756 |   2563 |    193 |    371 |   1533 |   4 |  689.0 |
               +--------+--------+--------+--------+--------+-----+--------+

Top non-repeatable levels by time:
     D:3: 1222 daAuts
     D:2: 625 daAuts
     D:1: 553 daAuts
     D:4: 356 daAuts
